 Dungeon Crawl Stone Soup version 0.20-a0-427-g8b12978 (webtiles) character file.

158 Kriby the Magician (level 5, -1/35 HPs)
             Began as a Mummy Fire Elementalist on Jan 1, 2017.
             Slain by an ice beast (7 damage)
             ... on level 2 of the Dungeon.
             The game lasted 00:04:02 (3259 turns).

Kriby the Magician (Mummy Fire Elementalist)        Turns: 3259, Time: 00:04:03

Health: -1/35      AC:  3    Str: 11    XL:     5   Next: 16%
Magic:  0/11       EV: 12    Int: 16    God:
Gold:   77         SH:  0    Dex: 12    Spells: 2/12 levels left

rFire  x . .     SeeInvis .     e - +2 dagger (speed)
rCold  + . .     Gourm    .     a - +0 robe
rNeg   + + +     Faith    .     (no shield)
rPois  ∞         Spirit   .     d - +0 helmet
rElec  .         Reflect  .     (no cloak)
rCorr  +         Harm     .     (no gloves)
MR     .....                    (no boots)
Stlth  ++........               (no amulet)
                                (no ring)
                                c - ring of resist corrosion

@: very slightly contaminated
A: no food or potions, fire vulnerability, cold resistance 1, negative energy
resistance 3, torment resistance, unbreathing
a: no special abilities


You were on level 2 of the Dungeon.
You were not hungry.

You visited 1 branch of the dungeon, and saw 3 of its levels.

You collected 77 gold pieces.

Inventory:

Hand Weapons
 e - a +2 dagger of speed (weapon)
Armour
 a - a +0 robe (worn)
 d - a +0 helmet (worn)
Jewellery
 c - a ring of resist corrosion (left hand)
Scrolls
 f - a scroll of enchant armour {unknown}
 g - a scroll of remove curse {unknown}
 h - a scroll of random uselessness {unknown}
Books
 b - a book of Flames

   Spells                             Type                      Level
   a - Flame Tongue                   Conjuration/Fire             1
   b - Throw Flame                    Conjuration/Fire             2
   c - Conjure Flame                  Conjuration/Fire             3
   d - Inner Flame                    Hexes/Fire                   3
   e - Sticky Flame                   Conjuration/Fire             4
   f - Fireball                       Conjuration/Fire             5


   Skills:
 - Level 1.5 Dodging
 - Level 1.5 Stealth
 * Level 4.0 Spellcasting
 + Level 3.2 Conjurations
 + Level 2.9 Fire Magic


You had 2 spell levels left.
You knew the following spells:

 Your Spells              Type           Power        Failure   Level  Hunger
a - Flame Tongue          Conj/Fire      ##...        6%          1    N/A
b - Conjure Flame         Conj/Fire      ##......     14%         3    N/A
c - Sticky Flame          Conj/Fire      ##......     50%         4    N/A
d - Throw Flame           Conj/Fire      ##....       10%         2    N/A

Dungeon Overview and Level Annotations

Branches:
Dungeon (3/15)

Altars:
Cheibriados
Fedhas
Gozag
Okawaru
Trog
Zin


Innate Abilities, Weirdness & Mutations

You do not eat or drink.
Your flesh is vulnerable to fire.
You are immune to poison.
Your flesh is cold resistant. (rC+)
You are immune to negative energy. (rN+++)
You are immune to unholy pain and torment.
You can survive without breathing.


Message History

The flame tongue misses the ice beast.
The ice beast closely misses you.
Casting: Flame Tongue
Confirm with . or Enter, or press ? or * to list all spells.
Aiming: Flame Tongue
Press: ? - help, Shift-Dir - straight line, f/p - ice beast
Aim: an ice beast (almost dead)
The flame tongue hits the ice beast.
The ice beast appears unharmed.
The ice beast is almost dead.
The ice beast closely misses you.
Casting: Flame Tongue
Confirm with . or Enter, or press ? or * to list all spells.
Aiming: Flame Tongue
Press: ? - help, Shift-Dir - straight line, f/p - ice beast
Aim: an ice beast (severely wounded)
The flame tongue hits the ice beast.
The ice beast is severely wounded.
The ice beast hits you.
* * * LOW HITPOINT WARNING * * *
The ice beast freezes you! You resist.
You die...

.....# #..............# #..#
###### #..............# #.##
##..............# #..# ###
#.....####......###... #≈≈
#####...'..+......'.)...
#§##⌠#⌠###..####......#####.
#≈#≈≈§≈≈##..# #...#### ##
#§#≈...§##.Y# #...#########
##≈#§§..≈⌠#.@####...##.......
#.)'§._.≈##.........##.......
#.≈#≈...≈⌠###.......##..._...
#.§#≈...§####.......##.......
#.≈#≈≈≈≈≈##.'.......'........
#.§##⌠#⌠#####.......#######..
#.§§####### #....#### #..
#...§.....# ###### #.#
##........# #.#


You could see an ice beast.

Vanquished Creatures
  Robin (D:2)
  4 adders
  2 oozes
  A worm (D:3)
  4 dart slugs (D:1)
  2 leopard geckos (D:1)
  5 giant cockroaches
  21 goblins
  10 hobgoblins
  6 jackals
  9 kobolds
  2 quokkas (D:2)
  A ball python (D:3)
  4 bats
  7 frilled lizards
  4 rats
83 creatures vanquished.

Notes
Turn   | Place    | Note
-------+----------+-------------------------------------------
     0 | D:1      | Kriby the Mummy Fire Elementalist began the quest for the Orb.
     0 | D:1      | Reached XP level 1. HP: 13/13 MP: 4/4
    11 | D:1      | Reached skill level 1 in Conjurations
   157 | D:1      | Reached XP level 2. HP: 19/19 MP: 1/5
   218 | D:1      | Reached skill level 3 in Spellcasting
   761 | D:1      | Reached XP level 3. HP: 24/24 MP: 5/7
  1373 | D:1      | Learned a level 3 spell: Conjure Flame
  1376 | D:1      | Learned a level 2 spell: Throw Flame
  1379 | D:2      | Found a snail-covered altar of Cheibriados.
  1400 | D:2      | Found an iron altar of Okawaru.
  1478 | D:2      | Reached XP level 4. HP: 30/30 MP: 2/9
  1612 | D:2      | Noticed Robin
  1614 | D:2      | Killed Robin
  2265 | D:2      | Found a bloodstained altar of Trog.
  2553 | D:2      | Found a glowing silver altar of Zin.
  2554 | D:2      | Found an opulent altar of Gozag.
  2844 | D:3      | Reached XP level 5. HP: 35/35 MP: 5/10
  2949 | D:3      | Found a blossoming altar of Fedhas.
  2955 | D:3      | Learned a level 4 spell: Sticky Flame
  2994 | D:3      | Reached skill level 4 in Spellcasting
  3175 | D:3      | Noticed an ice beast
  3259 | D:2      | Slain by an ice beast

Vault maps used:
D:1:      scummos_arrival_simple_crosswalls, minivault_25, minmay_cut_off
D:2:      grunt_temple_overflow_gold_and_silver, overflow_temple_1_default,
          lightli_temple_of_fire, okawaru_ov_weapons_minmay, uniq_robin
D:3:      marbit_many_paths, chequers_ecumenical_altar_simple_redux,
          serial_bayou_crossing, uniq_terence

Skill      XL: |  1  2  3  4  5 |
---------------+----------------+-----
Conjurations   | 1 2 3 |  3.2
Spellcasting   | 3 4 |  4.0
Dodging        | |  1.5
Stealth        | |  1.5
Fire Magic     | |  2.9

Action                   |  1- 3 |  4- 6 || total
-------------------------+-------+-------++-------
Melee: Unarmed           |    21 |       ||    21
       Hand axe          |     2 |       ||     2
       Dagger            |       |    14 ||    14
 Cast: Flame Tongue      |    66 |    95 ||   161
Armor: Robe              |     8 |    17 ||    25
Dodge: Dodged            |    31 |    43 ||    74
